 Dungeon Crawl Stone Soup version 0.31-a0-233-g139696dc86 (webtiles) character file.

Game seed: 6209098472574984556

93 qw the Shooter (level 4, -1/36 HPs)
             Began as a Minotaur Hexslinger on July 9, 2023.
             Slain by a gnoll
             ... wielding a +0 club
              (3 damage)
             ... on level 3 of the Dungeon.
             The game lasted 00:00:40 (1539 turns).

qw the Shooter (Minotaur Hexslinger)                Turns: 1539, Time: 00:00:41

Health: -1/36      AC:  4    Str: 13    XL:     4   Next: 36%
Magic:  4/4        EV: 12    Int: 10    God:
Gold:   62         SH:  0    Dex: 14    Spells: 4/5 levels left

rFire   . . .        Y - +2 sling
rCold   . . .        (no shield)
rNeg    . . .        c - +0 robe
rPois   .            g - +1 hat
rElec   .            (no cloak)
rCorr   .            a - +0 pair of gloves
SInv    .            (no boots)
Will    .....        (no amulet)
Stlth   +            (no ring)
HPRegen 0.26/turn    (no ring)
MPRegen 0.09/turn

%: no passive effects
@: about to teleport
A: horns 2, retaliatory headbutt
a: no special abilities


You were on level 3 of the Dungeon.
You visited 1 branch of the dungeon, and saw 3 of its levels.

You collected 62 gold pieces.


Innate Abilities, Weirdness & Mutations

You have a pair of horns on your head.
You reflexively headbutt those who attack you in melee.


   Skills:
 - Level 2.0 Fighting
 + Level 4.9 Ranged Weapons
 - Level 2.1 Dodging
 - Level 1.0 Spellcasting
 - Level 2.0 Hexes


You had 4 spell levels left.
You knew the following spells:

 Your Spells              Type           Power      Damage    Failure   Level
a - Slow                  Hex            16%        N/A       16%         1

Your spell library contained the following spells:

 Spells                   Type           Power      Damage    Failure   Level
 Inner Flame              Hex/Fire       2%         N/A       56%         3
 Portal Projectile        Hex/Tloc       4%         N/A       56%         3
 Cause Fear               Hex            2%         N/A       83%         4

Inventory:

Hand Weapons
 Y - a +2 sling (weapon)
Armour
 a - a +0 pair of gloves (worn)
 c - a +0 robe (worn)
 g - a +1 hat (worn)
Jewellery
 b - a ring of fire
Scrolls
 h - a scroll of identify
Potions
 d - 2 potions of curing

Dungeon Overview and Level Annotations

Branches:
Dungeon (3/15)

Altars:

Shops:
D:1 ?


Message History

You shoot a sling bullet. The sling bullet hits the gnoll.
The gnoll is almost dead.
You shoot a sling bullet.
The sling bullet barely misses the gnoll.
The sling bullet hits the gnoll.
The gnoll is moderately wounded.
You shoot a sling bullet.
The sling bullet hits the gnoll but does no damage.
The gnoll is almost dead.
The gnoll misses you.
You shoot a sling bullet. The sling bullet hits the gnoll.
The gnoll is almost dead.
The gnoll closely misses you. The gnoll hits you but does no damage.
You shoot a sling bullet. The sling bullet hits the gnoll.
You kill the gnoll!
The gnoll hits you with a +0 whip. The gnoll hits you with a +0 club.
You shoot a sling bullet. The sling bullet hits the gnoll.
The gnoll is heavily wounded.
The gnoll barely misses you. You furiously retaliate!
You headbutt the gnoll, but do no damage.
The gnoll hits you with a +0 club. The gnoll hits you with a +0 whip.
You shoot a sling bullet.
The sling bullet barely misses the gnoll.
The gnoll hits you with a +0 club. The gnoll barely misses you.
The gnoll hits you with a +0 club.
You shoot a sling bullet.
The sling bullet closely misses the gnoll.
The gnoll closely misses you. The gnoll hits you with a +0 whip.
The gnoll completely misses you. You furiously retaliate!
You headbutt the gnoll. You shoot a sling bullet.
The sling bullet barely misses the gnoll.
The gnoll hits you with a +0 club! The gnoll barely misses you.
The gnoll hits you with a +0 club. The gnoll closely misses you. x2
The gnoll hits you with a +0 whip.
1539 ||| READING scroll of teleportation.
As you read the scroll of teleportation, it crumbles to dust.
You feel strangely unstable. The gnoll hits you but does no damage.
The gnoll hits you with a +0 club.
You die...

#.....# #.....#
#####.....#####
.............
##.........#
####.....)....
.........ggg##
##........@..##
.#.............##
................#
.................#
.............[....#
...................
...................
...................
..................


You could see 3 gnolls.

Vanquished Creatures
  A gnoll (D:3)
  2 adders (D:2)
  2 dart slugs (D:3)
  4 ball pythons
  5 bats
  4 endoplasms
  2 giant cockroaches
  8 goblins
  10 hobgoblins
  4 jackals (D:2)
  6 kobolds
  5 rats
53 creatures vanquished.

Notes
Turn   | Place    | Note
-------+----------+-------------------------------------------
     0 | D:1      | qw the Minotaur Hexslinger began the quest for the Orb.
     0 | D:1      | Reached XP level 1. HP: 16/16 MP: 1/1
     0 | D:1      | 0 ||| qw: Version: 0.3-a-51-g015441d
     0 | D:1      | 0 ||| qw: Game counter: 3939
     0 | D:1      | 0 ||| qw: Melee chars always use a shield: true
     0 | D:1      | 0 ||| qw: God list: Okawaru
     0 | D:1      | 0 ||| qw: Allow faded altars: false
     0 | D:1      | 0 ||| qw: Do Orc after clearing Dungeon:15 true
     0 | D:1      | 0 ||| qw: Do second Lair branch before Depths: true
     0 | D:1      | 0 ||| qw: Lair rune preference: random
     0 | D:1      | 0 ||| qw: Goals: Normal
     0 | D:1      | 0 ||| PLANNING D:1-11
   149 | D:1      | 149 ||| FLEEEEING.
   173 | D:1      | Found Oloema's Magic Scroll Shoppe.
   180 | D:1      | 180 ||| SHOPLISTING scroll of acquirement (728 gold, have
                  | 2).
   180 | D:1      | 180 ||| SHOPLISTING scroll of identify (28 gold, have 2).
   180 | D:1      | 180 ||| SHOPLISTING scroll of teleportation (42 gold, have
                  | 2).
   263 | D:1      | HP: 2/16 [goblin/+3 dagger (3)]
   265 | D:1      | Reached skill level 3 in Ranged Weapons
   266 | D:1      | Reached XP level 2. HP: 2/23 MP: 2/2
   362 | D:1      | Found a faded altar of an unknown god.
   745 | D:1      | 745 ||| UPGRADING to +1 hat.
   750 | D:1      | 750 ||| READING scroll labelled BYOCSU TELAR.
   751 | D:1      | 751 ||| READING 2 scrolls labelled AKINUG TENUE.
   754 | D:1      | 754 ||| READING 3 scrolls labelled MEFUTE OQU UMA.
   755 | D:1      | 755 ||| READING scroll labelled OVAQUF IXTIU.
   756 | D:1      | 756 ||| DRINKING 2 sedimented cyan potions.
   757 | D:1      | 757 ||| DROPPING scroll of poison.
   826 | D:2      | Reached XP level 3. HP: 19/29 MP: 3/3
   832 | D:2      | HP: 5/29 [goblin/+0 club (3)]
   833 | D:2      | 833 ||| READING scroll of teleportation.
   909 | D:2      | Reached skill level 4 in Ranged Weapons
  1223 | D:2      | Reached XP level 4. HP: 25/36 MP: 4/4
  1443 | D:2      | 1443 ||| UPGRADING to +0 pair of gloves.
  1448 | D:2      | 1448 ||| READING scroll labelled QOBOORENOCS.
  1449 | D:2      | 1449 ||| READING scroll labelled SYRIQO MIANOO.
  1450 | D:2      | 1450 ||| READING 2 scrolls of identify.
  1450 | D:2      | 1450 ||| IDENTIFYING bubbling golden potion
  1451 | D:2      | 1451 ||| DROPPING potion of ambrosia.
  1473 | D:3      | 1473 ||| STAIRDANCE
  1538 | D:3      | HP: 7/36 [gnoll/+0 club (7)]
  1538 | D:3      | HP: 2/36 [gnoll/+0 whip (4)]
  1539 | D:3      | 1539 ||| READING scroll of teleportation.
  1539 | D:3      | Slain by a gnoll

Levels and vault maps discovered:
D:1:      minmay_arrival_loop, layout_basic,
          hellmonk_ecumenical_altar_arch_garden, serial_curves, eino_curves_04,
          eino_curves_01, serial_shops, shop_statue
D:2:      layout_rooms, minmay_split_cup_large
D:3:      layout_basic, uniq_ijyb

Skill      XL: |  1  2  3 |
---------------+----------+-----
Ranged Weapons | 3 4 |  4.9
Fighting       | 2 |  2.0
Dodging        | |  2.1
Spellcasting   | |  1.0
Hexes          | |  2.0

Action                     |  1- 3 |  4- 6 || total
---------------------------+-------+-------++-------
   Fire: Sling             |   123 |    34 ||   157
    Use: Scroll            |     5 |     4 ||     9
         Potion            |     1 |       ||     1
 Armour: Robe              |    13 |     8 ||    21
  Dodge: Dodged            |    51 |    15 ||    66

Table legend:
 A = Non-vault XP
 B = Vault XP
 C = Vault XP percentage of total XP
 D = Non-vault monster count
 E = Vault monster count
 F = Vault count percentage of total count
                 A         B        C        D         E       F
            +---------+---------+-------+---------+---------+-------
      Total |     127 |       6 |   4.5 |      49 |       4 |   7.5
            +---------+---------+-------+---------+---------+-------
        D:1 |      32 |       0 |   0.0 |      18 |       0 |   0.0
        D:2 |      68 |       6 |   8.1 |      25 |       4 |  13.8
        D:3 |      27 |       0 |   0.0 |       6 |       0 |   0.0
            +---------+---------+-------+---------+---------+-------
